 Dungeon Crawl Stone Soup version 0.17-a0-1678-g710b578 (console) character file.

127 Monkaria the Ducker (level 4, 0/21 HPs)
             Began as a Felid Chaos Knight on Aug 19, 2015.
             Slain by a gnoll
             ... wielding a +0 spear
              (5 damage)
             ... on level 4 of the Dungeon.
             The game lasted 00:05:35 (4392 turns).

Monkaria the Ducker (Felid Chaos Knight)            Turns: 4392, Time: 00:05:35

Health: 0/21       AC:  1    Str:  8    XL:     4   Next: 85%
Magic:  5/5        EV: 23    Int: 13    God:    Xom [.*....]
Gold:   256        SH:  0    Dex: 16    Spells: 0 memorised, 3 levels left
                                        Lives:  0   Deaths: 1

rFire  . . .     SeeInvis +       - Unarmed
rCold  . . .     Clarity  .     (armour unavailable)
rNeg   . . .     SustAt   .     (shield unavailable)
rPois  .         Gourm    .     (helmet unavailable)
rElec  .         Spirit   .     (cloak unavailable)
rCorr  .         Warding  .     (gloves unavailable)
rMut   .         Stasis   .     (boots unavailable)
MR     .....                    (no amulet)
Stlth  +++.......               (no ring)
                                n - ring of stealth

@: quick, not resistant to hostile enchantments, fairly stealthy
A: no armour, no weapons or thrown items, claws 1, fangs 3, see invisible,
carnivore 3, speed 1, shaggy fur 1, slow metabolism 1, sharp paws
a: Renounce Religion


You were on level 4 of the Dungeon.
You worshipped Xom.
You were a plaything of Xom.
You were completely stuffed.

You visited 1 branch of the dungeon, and saw 4 of its levels.

You collected 256 gold pieces.

Inventory:

Jewellery
 n - a ring of stealth (left paw)
Magical devices
 j - a wand of enslavement (9)
 l - a wand of magic darts (21)
Scrolls
 b - 2 scrolls of noise {unknown}
 c - a scroll of fear {unknown}
 e - 2 scrolls of magic mapping {unknown}
 f - a scroll of identify {unknown}
 k - 3 scrolls of teleportation
 m - a scroll of fog {unknown}
 o - a scroll of enchant armour {unknown}
 r - a scroll of random uselessness {unknown}
 t - a scroll of recharging {unknown}
 u - a scroll of remove curse {unknown}
Potions
 d - a potion of degeneration {unknown}
 h - 2 potions of beneficial mutation {unknown}
 i - 2 potions of brilliance {unknown}
 p - a potion of curing {unknown}
 s - a potion of heal wounds {unknown}
 v - a potion of lignification {unknown}
Comestibles
 a - a meat ration
 g - 2 slices of pizza
 q - a chunk of flesh


   Skills:
 - Level 3.0 Fighting
 + Level 7.6 Dodging
 - Level 3.0 Unarmed Combat


You had 3 spell levels left.
You didn't know any spells.

Dungeon Overview and Level Annotations

Branches:
Dungeon (4/15)
 Temple: D:4-7

Altars:
Qazlal
Ru
Sif Muna
Trog
Yredelemnul


Innate Abilities, Weirdness & Mutations

You cannot wear armour.
You are incapable of wielding weapons or throwing items.
You have sharp claws.
You have razor-sharp teeth.
You have supernaturally acute eyesight.
You are carnivorous and can eat meat at any time.
You cover ground quickly.
You are covered in fur (AC +1).
You have a slow metabolism.
Your sharp claws are effective at attacking unaware monsters.


Message History

There is an escape hatch in the ceiling, spattered with blood here.
Found a rapier.
v - a fuming dark potion You start resting.
You hear Xom's maniacal laughter.
Eat one of 2 chunks of flesh? (ye/n/q/i?) This raw flesh tastes great.
You continue eating. x2
You start resting.
A gnoll is nearby!
There is an escape hatch in the ceiling, spattered with blood here.
The gnoll shouts! x3
The gnoll hits you from afar with a halberd!
Ouch! That really hurt!
* * * LOW HITPOINT WARNING * * *
The gnoll closely misses you. The gnoll barely misses you.
The gnoll hits you from afar with a spear.
You die...
Xom giggles madly!

### ##...........##. #.
#.............. #..#
##.............
..##...........###
##.............## #
##..##...........### .
###.#...........##...##.
#...#..........####.....
. #..#..@.##...## ##....
#....#......##l..##
##g##
#.........g.gg....# #..#
###.........<).#..###
#.##
#...........####.g###.#
#......#####.# ##.....#
.......)# #.# ##...##
.......## #.# #...#
#...... #.# ##....


You could see 3 gnolls.

Vanquished Creatures
  Crazy Yiuf (D:3)
  A gnoll (D:4)
  3 adders (D:2)
  An ooze (D:3)
  A worm (D:2)
  6 orcs
  Natasha (D:2)
  3 bats
  3 giant cockroaches
  6 goblins
  10 hobgoblins
  3 jackals (D:1)
  14 kobolds
  A quokka (D:3)
  A ball python (D:3)
  2 giant geckos
  2 giant newts (D:1)
  12 rats
  A plant (D:1)
72 creatures vanquished.

Vanquished Creatures (collateral kills)
  Natasha (twice) (D:2)
  A worm (D:2)
  2 bats (D:2)
  A rat (D:2)
6 creatures vanquished.

Grand Total: 78 creatures vanquished

Notes
Turn   | Place    | Note
--------------------------------------------------------------
     0 | D:1      | Monkaria the Felid Chaos Knight began the quest for the Orb.
     0 | D:1      | Reached XP level 1. HP: 10/10 MP: 2/2
   159 | D:1      | Reached skill level 4 in Dodging
   163 | D:1      | Reached XP level 2. HP: 8/14 MP: 3/3
   232 | D:1      | XOM: harmless Erth miscast
   458 | D:1      | XOM: scenery: 1 doors open
   559 | D:1      | XOM: noise
   762 | D:1      | XOM: divination: magic mapping
   902 | D:1      | XOM: divination: detect creatures
   907 | D:1      | XOM: medium Chrm miscast
   983 | D:1      | Reached skill level 5 in Dodging
   983 | D:1      | Reached XP level 3. HP: 9/17 MP: 4/4
  1359 | D:2      | XOM: noise
  1364 | D:2      | Found a basalt altar of Yredelemnul.
  1418 | D:2      | Noticed Natasha
  1423 | D:2      | XOM: summons 2 friendly demons
  1427 | D:2      | Killed Natasha
  1427 | D:2      | Reached skill level 6 in Dodging
  1427 | D:2      | Reached XP level 4. HP: 21/21 MP: 5/5
  1531 | D:2      | Noticed Natasha
  1534 | D:2      | XOM: summons friendly white imp
  1546 | D:2      | Killed Natasha
  1636 | D:2      | XOM: divination: magic mapping
  1674 | D:2      | XOM is BORED!
  1674 | D:2      | XOM: noise
  1754 | D:2      | Found a sacrificial altar of Ru.
  1788 | D:2      | XOM: god gift: 45 gold pieces
  1841 | D:2      | Noticed Natasha
  1851 | D:2      | XOM: smoke on damage
  1851 | D:2      | Slain by a white imp
  1852 | D:2      | Reached XP level 3. HP: 0/17 MP: 4/4
  1874 | D:2      | XOM: enchant monster (good)
  1879 | D:2      | Killed Natasha
  1879 | D:2      | XOM: enchant monster (bad)
  1934 | D:3      | Found a stormy altar of Qazlal.
  2128 | D:3      | XOM: harmless Fire miscast
  2134 | D:3      | Found a bloodstained altar of Trog.
  2395 | D:2      | XOM: medium Erth miscast
  2550 | D:3      | XOM: butterfly on damage
  2894 | D:2      | XOM: divination: detect creatures
  2930 | D:2      | XOM: cast spell 'Summon Butterflies'
  2972 | D:2      | Reached skill level 7 in Dodging
  2972 | D:2      | Reached XP level 4. HP: 13/21 MP: 5/5
  3496 | D:3      | Noticed Crazy Yiuf
  3560 | D:3      | XOM: god gift: 11 gold pieces
  3721 | D:3      | XOM: butterfly on damage
  3726 | D:3      | Killed Crazy Yiuf
  4120 | D:3      | XOM: silly message
  4172 | D:3      | Found a deep blue altar of Sif Muna.
  4323 | D:4      | XOM: mild Ice miscast
  4392 | D:4      | Slain by a gnoll

Vault maps used:
D:1:      dpeg_arrival_circle_labyrinth_c, lexackson_kobold_supper
D:2:      nicolae_ru_the_path_less_chosen, overflow_temple_1_default,
          uniq_natasha
D:3:      bloody_trog, old_standard_altar, lemuel_blue_sif_altar,
          uniq_crazy_yiuf_cottage
D:4:      uniq_eustachio

Action                   |  1- 3 |  4- 6 || total
-------------------------+-------+-------++-------
Melee: Unarmed           |   213 |   101 ||   314
  Use: Scroll            |       |     1 ||     1
 Stab: Sleeping          |     1 |     1 ||     2
       Distracted        |       |     1 ||     1
  Eat: Chunk             |    15 |     5 ||    20
